 Dungeon Crawl Stone Soup version 0.31-a0-1309-gbf3fed316f (webtiles) character file.

Game seed: 2173978330958074261

220668 MacCMillion the Skinwalker (level 19, -4/232 HPs)
             Began as a Merfolk Shapeshifter on Dec 20, 2023.
             Was an Initiate of Gozag.
             Slain by a harpy (10 damage)
             ... on level 4 of the Shoals.
             The game lasted 01:34:59 (47061 turns).

MacCMillion the Skinwalker (Merfolk Shapeshifter)  Turns: 47061, Time: 01:34:59

Health: -4/232     AC: 15    Str: 34    XL:     19   Next: 18%
Magic:  19/19      EV: 18    Int: 12    God:    Gozag
Gold:   2619       SH:  5    Dex: 18    Spells: 18/18 levels left

rFire   + +          .
                       - Unarmed
rCold   + + .        W - melded +2 buckler {reflect}
rNeg    . . .        f - melded +0 ring mail
rPois   +            (helmet currently unavailable)
rElec   .            (cloak currently unavailable)
rCorr   .            (gloves currently unavailable)
SInv    .            (boots currently unavailable)
Will    ++...        Q - amulet of reflection
Stlth   +++          U - ring of Xom's Attic {Will+ Int+2 Slay+3}
HPRegen 0.58/turn    c - ring "Hiuwey" {rC+++ Dex+6}
MPRegen 0.16/turn

%: reflection
@: dragon-form, afraid, marked, gold aura, flying, mesmerised
A: dragon claw, dragon scales, breathe fire, flying, boosted hp, giant, (nimble
swimmer 2), (mertail)
}: 1/15 runes: serpentine
a: Breathe Fire, Begin Untransformation, Renounce Religion, Potion Petition,
Call Merchant, Bribe Branch


You were on level 4 of the Shoals.
You worshipped Gozag.
Gozag was most pleased with you.
You were a fearsome dragon!
You visited 6 branches of the dungeon, and saw 31 of its levels.
You also visited: Sewer, Bailey, Gauntlet and Ice Cave.

You collected 12594 gold pieces.
You spent 4962 gold pieces at shops.
You paid 5013 gold pieces to Gozag.

Inventory:

Armour
 f - a +0 ring mail (melded)
 W - a +2 buckler of reflection (melded)
Jewellery
 c - the ring "Hiuwey" (right foreclaw) {rC+++ Dex+6}
   (You bought it in a shop on level 10 of the Dungeon)

   [ring of dexterity]

   Dex+6:     It affects your dexterity (+6).
   rC+++:     It renders you almost immune to cold.
 h - a ring of see invisible
 m - a ring of protection from cold
 o - the ring of Due Proportion {rN+ Will+}
   (You bought it in a shop on level 3 of the Lair of Beasts)

   [ring of positive energy]

   rN+:       It protects you from negative energy.
   Will+:     It increases your willpower.
 w - a ring of resist corrosion
 J - a +4 ring of slaying
 O - a ring of protection from fire
 Q - an amulet of reflection (around neck)
 R - a +5 ring of evasion
 T - the ring of Xaguf {+Blink rC++ rN+ EV+5 Dex+2}
   (You bought it in a shop on level 3 of the Lair of Beasts)

   [ring of evasion]

   EV+5:      It affects your evasion (+5).
   Dex+2:     It affects your dexterity (+2).
   rC++:      It greatly protects you from cold.
   rN+:       It protects you from negative energy.
   +Blink:    It lets you blink.
 U - the ring of Xom's Attic (left foreclaw) {Will+ Int+2 Slay+3}
   (You found it in a bailey)

   [ring of willpower]

   Int+2:     It affects your intelligence (+2).
   Slay+3:    It affects your accuracy & damage with ranged weapons and melee
   (+3).
   Will+:     It increases your willpower.
 Y - the ring "Omussuej" {rPois rF+ rC+}
   (You found it in a Gauntlet)

   [ring of protection from fire]

   rF+:       It protects you from fire.
   rC+:       It protects you from cold.
   rPois:     It protects you from poison
Talismans
 d - the dragon-blood talisman of Butuluw (active) {Str+4 Dex-3}
   (You bought it in a shop on level 10 of the Dungeon)

   [dragon-blood talisman]

   Str+4:     It affects your strength (+4).
   Dex-3:     It affects your dexterity (-3).
 k - a granite talisman
Wands
 q - a wand of quicksilver (10)
 v - a wand of flame (52) (quivered)
 A - a wand of digging (6)
 E - a wand of polymorph (47)
 K - a wand of charming (30)
 M - a wand of roots (6)
 S - a wand of mindburst (26)
Scrolls
 e - 3 scrolls of poison
 g - 2 scrolls of amnesia
 i - 5 scrolls of teleportation
 j - 3 scrolls of immolation
 n - 4 scrolls of enchant armour
 p - 6 scrolls of fear
 t - 3 scrolls of blinking
 y - a scroll of torment
 z - 6 scrolls of noise
 B - 4 scrolls of fog
 D - 3 scrolls of summoning
 L - a scroll of silence
 V - 4 scrolls of vulnerability
Potions
 a - 3 potions of lignification
 b - 6 potions of might
 r - 10 potions of haste
 s - 4 potions of cancellation
 u - 4 potions of magic
 x - a potion of heal wounds
 C - a potion of invisibility
 F - 6 potions of curing
 H - 2 potions of enlightenment
 I - 7 potions of attraction
 N - 2 potions of mutation
 P - 2 potions of berserk rage
 X - 4 potions of ambrosia
Miscellaneous
 l - a lightning rod (2/4)
 G - a phantom mirror
 Z - a sack of spiders (inert)


   Skills:
 - Level 15.0 Fighting
 + Level 18.7 Dodging
 + Level 5.3 Stealth
 - Level 4.0 Shields
 + Level 18.5 Unarmed Combat
 + Level 12.8 Evocations
 + Level 21.5 Shapeshifting


You had 18 spell levels left.
You didn't know any spells.
Your spell library contained the following spells:

 Spells                   Type           Power      Damage    Failure   Level
 Apportation              Tloc           0%         N/A       32%         1
 Magic Dart               Conj           0%         1d3       32%         1
 Necrotise                Necr           0%         1d4       32%         1
 Sandblast                Erth           0%         2d4       32%         1
 Sting                    Tmut/Pois      0%         1d3       32%         1
 Summon Small Mammal      Summ           0%         N/A       32%         1
 Blink                    Tloc           0%         N/A       45%         2
 Call Imp                 Summ           0%         N/A       45%         2
 Cigotuvi's Dreadful Rot  Necr/Pois/Air  0%         N/A       45%         2
 Lesser Beckoning         Tloc           0%         N/A       45%         2
 Momentum Strike          Conj/Tloc      0%         3d8       45%         2
 Passwall                 Tmut/Erth      0%         N/A       45%         2
 Poisonous Vapours        Pois/Air       0%         N/A       45%         2
 Searing Ray              Conj           0%         2d4       45%         2
 Static Discharge         Conj/Air       0%         3-3/arc   45%         2
 Dazzling Flash           Conj/Hex       0%         N/A       69%         3
 Gell's Gravitas          Tloc           0%         N/A       69%         3
 Ignite Poison            Fire/Tmut/Pois 0%         N/A       69%         3
 Mephitic Cloud           Conj/Pois/Air  0%         N/A       69%         3
 Ozocubu's Armour         Ice            0%         N/A       69%         3
 Stone Arrow              Conj/Erth      0%         3d7       69%         3
 Teleport Other           Tloc           0%         N/A       69%         3
 Tukima's Dance           Hex            0%         N/A       69%         3
 Brom's Barrelling Bould  Conj/Erth      0%         2d3       97%         4
 Dimensional Bullseye     Hex/Tloc       0%         N/A       97%         4
 Fulminant Prism          Conj/Hex       0%         3d5       97%         4
 Iskenderun's Mystic Bla  Conj/Tloc      0%         2d3       97%         4
 Olgreb's Toxic Radiance  Pois           0%         N/A       97%         4
 Agony                    Necr           0%         N/A       100%        5
 Arcjolt                  Conj/Air       0%         1d10      100%        5
 Freezing Cloud           Conj/Ice/Air   0%         6-21      100%        5
 Silence                  Hex/Air        0%         N/A       100%        5
 Dispersal                Tloc           0%         N/A       100%        6
 Plasma Beam              Fire/Air       0%         2x1d10    100%        6
 Ozocubu's Refrigeration  Ice            0%         4d7       100%        7
 Spellforged Servitor     Conj/Summ      0%         N/A       100%        7
 Lehudib's Crystal Spear  Conj/Erth      0%         10d2      100%        8


Dungeon Overview and Level Annotations

Branches:
Dungeon (15/15)            Temple (1/1) D:5            Lair (5/5) D:10
 Shoals (4/4) Lair:3        Snake (4/4) Lair:3        Slime (0/5) Lair:5
    Orc (2/2) D:9             Elf (0/3) Orc:2        Vaults (0/5) D:14
 Depths (0/4) D:15          Sewer (visited)          Bailey (visited)
  IceCv (visited)         Gauntlet (visited)

Altars:
Ashenzari
Cheibriados
Dithmenos
Elyvilon
Fedhas
Gozag
Hepliaklqana
Kikubaaqudgha
Makhleb
Nemelex Xobeh
Okawaru
Qazlal
Ru
Sif Muna
Trog
Uskayaw
Vehumet
Wu Jian
Xom
Yredelemnul
Zin
The Shining One

Shops:
D:4 =   D:10 ?=[   Orc:2 :[*   Lair:3 =!   Shoals:2 *   Snake:1 ([   Snake:2 :

Portals:
Abyss: D:15
Trove: D:13 (give 14 scrolls of teleportation)

Annotations:
D:2 Sigmund
D:15 2 transporters, Foiz Zao's ghost, journeyman DrMo
Shoals:1 Roxanne


Innate Abilities, Weirdness & Mutations

You are a fearsome dragon!
You have a powerful clawing attack.
Your giant scaled body is strong and resilient, but less evasive.
You can breathe fire.
You are flying.
Your maximum health is greatly increased.
Your armour is entirely melded.
You are incapable of wielding weapons or throwing items.
((You are very nimble when in or above water. (Stealth+, EV+, Speed+++)))
((Your lower body shifts to a powerful aquatic tail in water.))


Message History

A merfolk comes into view.
It is wielding a +0 trident and quivering a throwing net.
A faun comes into view. It is wielding a +0 club.
The sea snake bites you!
* * * LOW HITPOINT WARNING * * *
The merfolk hits you but does no damage.
The merfolk moves out of view.
A merfolk javelineer comes into view. It is wielding a +0 spear.
You feel much better.
The pull of its song draws you forwards.
The merfolk avatar chants its luring song.
The satyr plays a frightful melody on its pipes!
The satyr radiates an aura of fear!
You are terrified of the satyr!
The sea snake closely misses you.
The merfolk hits you from afar with a +0 trident.
* * * LOW HITPOINT WARNING * * *
The merfolk javelineer throws a javelin.
The javelin pierces through you!
* * * LOW HITPOINT WARNING * * *
You closely miss the sea snake. Your claw misses the sea snake.
The sea snake is almost dead.
The merfolk avatar chants its luring song.
A merfolk comes into view. It is wielding a +0 trident.
The sea snake completely misses you.
As you read the scroll of fog, it dissolves into smoke.
You block the merfolk's attack.
The merfolk javelineer throws a javelin.
The javelin pierces through you!
* * * LOW HITPOINT WARNING * * *
The merfolk avatar chants its luring song.
A merfolk comes into view. It is wielding a +4 dagger of speed.
The sea snake bites you but does no damage.
The satyr plays a rousing melody on its pipes!
The faun goes into a battle-frenzy!
The harpy closely misses you. The harpy misses you.
You miss the sea snake. You tail-slap the sea snake.
You kill the sea snake!
The harpy claws you!
You die...
Your body crumbles into a pile of gold.

.~~##≈≈≈≈≈#######
.~~m#≈≈≈≈≈#######
~~S.m≈≈≈≈≈####### #
#≈≈≈≈≈####### #m
#≈≈≈≈≈#######
#c##≈≈≈≈≈#######
cm≈≈≈≈≈≈#######
,##§§≈m≈≈#######
#≈§D§≈≈≈#######
##§H§§≈≈≈#######
#≈§§§§≈≈≈#######
#≈≈≈≈≈≈≈≈#######
#≈≈≈≈≈≈≈≈≈#######
#≈≈≈≈≈≈≈≈≈#######
.H≈≈≈≈≈≈≈≈≈#######
,#≈≈≈≈≈≈≈≈≈≈#######
≈≈≈≈≈≈≈≈≈≈≈#######


You could see a merfolk avatar (mesmerising), a merfolk javelineer, a satyr
(scary), 2 merfolk, a faun (strong) and a harpy.

Vanquished Creatures
  Vashnia (Snake:4)
  5 krakens
  The ghost of nitefall the Tortoise, an adept MiBe of Trog (Snake:1)
  A tengu reaver (D:15)
  Aizul (Snake:4)
  Donald (Snake:4)
  8 nagarajas
  An orc warlord (Orc:1)
  Louise (Snake:4)
  A dire elephant (Lair:4)
  A minotaur (Gauntlet)
  2 merfolk javelineers (Shoals:1)
  A fire dragon (D:15)
  6 merfolk impalers
  An entropy weaver (shapeshifter) (D:14)
  An ice dragon (D:15)
  A salamander tyrant (Snake:2)
  6 hydras
  Harold (Lair:1)
  Erolcha (Orc:1)
  3 merfolk avatars
  6 centaur warriors
  A catoblepas (Lair:1)
  A death knight (D:14)
  7 boulder beetles
  2 merfolk aquamancers
  An ogre mage (D:14)
  6 anacondas
  2 alligator snapping turtles
  2 tengu warriors
  4 two-headed ogres
  12 naga warriors
  7 death yaks
  4 orc high priests
  2 satyrs
  10 shock serpents
  9 naga sharpshooters
  A deep elf knight (D:14)
  3 skysharks
  Nergalle (D:11)
  4 salamander mystics
  16 sea snakes
  Lodul (D:13)
  5 naga ritualists
  Pikel (D:4)
  15 harpies
  A lindwurm (Lair:3)
  10 fauns
  5 deep elf pyromancers
  4 orc knights
  11 mana vipers
  7 cyclopes
  5 orc sorcerers
  9 manticores
  6 ugly things
  11 merfolk sirens
  An elephant (D:10)
  An eye of devastation (Lair:5)
  4 kobold blastminers
  6 guardian serpents
  13 salamanders
  40 black mambas
  4 water nymphs
  3 torpor snails
  13 cane toads
  18 naga magi
  Maggie (D:9)
  2 gargoyles (D:11)
  4 yaktaurs (D:15)
  2 ice devils (D:11)
  3 freezing wraiths (D:14)
  4 rime drakes
  A rime drake (shapeshifter) (D:15)
  Jeremiah (D:9)
  11 komodo dragons
  31 merfolk
  8 polar bears
  11 trolls
  A queen bee (shapeshifter) (D:14)
  3 hornets (Gauntlet)
  4 wind drakes
  13 dream sheep
  A glass eye (Lair:4)
  22 blink frogs
  11 slime creatures
  10 snapping turtles
  3 vampires
  9 wyverns
  4 centaur simulacra
  9 water elementals
  6 shadows (Gauntlet)
  Grum (D:9)
  A wraith (D:10)
  80 yaks
  2 basilisks
  5 steam dragons
  A warg (Orc:2)
  13 vampire mosquitoes
  Edmund (D:4)
  7 acid dragons
  35 nagas
  18 water moccasins
  2 ice beasts
  33 orc warriors
  3 black bears
  A sky beast (D:8)
  A crocodile (Sewer)
  42 wolves
  24 ogres
  5 boggarts (D:15)
  12 centaurs
  A lemure (D:4)
  2 phantoms
  5 kobold brigands
  A brain worm (Sewer)
  10 bullfrogs
  2 gnoll sergeants
  6 scorpions
  A cane toad simulacrum (Gauntlet)
  6 killer bees (D:8)
  2 howler monkeys
  3 electric eels
  18 orc priests
  4 hounds
  A sleepcap (D:6)
  9 jellies
  Ijyb (D:4)
  Natasha (thrice) (D:2)
  14 orc wizards
  5 iguanas
  4 hell rats
  Robin (D:3)
  10 gnolls
  2 river rats (D:3)
  6 adders
  A white imp (D:5)
  6 ufetubi
  2 worms (D:2)
  3 dart slugs
  77 orcs
  14 bats
  16 endoplasms
  8 giant cockroaches
  21 goblins
  18 hobgoblins
  7 jackals
  4 quokkas
  5 ball pythons
  2 frilled lizards
  26 kobolds
  3 rats
  2 tentacles (Shoals:1)
1134 creatures vanquished.

Vanquished Creatures (collateral kills)
  2 harpies (Shoals:4)
2 creatures vanquished.

Vanquished Creatures (others)
  A naga warrior (Snake:4)
  An orc (D:10)
  15 tentacles (Shoals:1)
17 creatures vanquished.

Grand Total: 1153 creatures vanquished

Notes
Turn   | Place    | Note
-------+----------+-------------------------------------------
     0 | D:1      | MacCMillion the Merfolk Shapeshifter began the quest for
                  | the Orb.
     0 | D:1      | Reached XP level 1. HP: 15/15 MP: 1/1
   125 | D:1      | Reached XP level 2. HP: 20/22 MP: 2/2
   586 | D:1      | Reached XP level 3. HP: 25/28 MP: 3/3
  1401 | D:2      | Noticed Sigmund
  1704 | D:2      | Noticed Natasha
  1712 | D:2      | Killed Natasha
  1713 | D:2      | Reached XP level 4. HP: 20/35 MP: 4/4
  1767 | D:2      | Noticed Natasha
  1779 | D:2      | Killed Natasha
  2008 | D:2      | Noticed Natasha
  2013 | D:2      | Killed Natasha
  2014 | D:2      | Reached skill level 5 in Unarmed Combat
  2014 | D:2      | Reached XP level 5. HP: 42/42 MP: 5/5
  2453 | D:3      | Noticed Robin
  2464 | D:3      | Killed Robin
  2691 | D:3      | Reached XP level 6. HP: 34/48 MP: 6/6
  2736 | D:3      | Found a glowing drain.
  2748 | Sewer    | Entered a sewer
  2816 | Sewer    | Reached skill level 5 in Shapeshifting
  3048 | Sewer    | Identified the +1 leather armour of the Other World {rElec
                  | rF+ Will+ Dex-3}
  3508 | D:4      | Noticed Ijyb
  3512 | D:4      | Killed Ijyb
  3648 | D:4      | Reached XP level 7. HP: 54/54 MP: 7/7
  4022 | D:4      | Reached skill level 6 in Shapeshifting
  4263 | D:4      | Noticed Edmund
  4269 | D:4      | Killed Edmund
  4270 | D:4      | Reached skill level 7 in Shapeshifting
  4279 | D:4      | Noticed Pikel
  4287 | D:4      | Killed Pikel
  4288 | D:4      | Reached skill level 9 in Shapeshifting
  4288 | D:4      | Reached XP level 8. HP: 27/60 MP: 8/8
  4418 | D:4      | Found Voforinu's Jewellery Boutique.
  4795 | D:5      | Entered Level 5 of the Dungeon
  4929 | D:5      | Noticed a yak
  4937 | D:5      | Noticed a vampire
  5034 | D:5      | Reached skill level 10 in Shapeshifting
  5063 | D:5      | Found a staircase to the Ecumenical Temple.
  5074 | Temple   | Entered the Ecumenical Temple
  5126 | Temple   | Became a worshipper of Gozag Ym Sagoz the Greedy
  5358 | D:5      | Reached skill level 5 in Fighting
  5363 | D:5      | Killed a vampire
  5364 | D:5      | Reached skill level 5 in Dodging
  5364 | D:5      | Reached XP level 9. HP: 69/69 MP: 9/9
  5527 | D:5      | Found a bloodstained altar of Trog.
  6517 | D:6      | Found a burning altar of Makhleb.
  6596 | D:6      | Found a hide-covered altar of Uskayaw.
  6596 | D:6      | Found a sacrificial altar of Ru.
  6962 | D:7      | Found a sparkling altar of Nemelex Xobeh.
  7175 | D:7      | Reached XP level 10. HP: 71/82 MP: 10/10
  7995 | D:8      | Reached skill level 10 in Dodging
  8029 | D:8      | Found a shadowy altar of Dithmenos.
  8032 | D:8      | Found a radiant altar of Vehumet.
  8271 | D:8      | Reached skill level 10 in Fighting
  8474 | D:8      | Found a shimmering altar of Xom.
  8475 | D:8      | Found a hazy altar of Hepliaklqana.
  8476 | D:8      | Noticed a spectral ugly thing
  8893 | D:9      | Noticed Grum
  8893 | D:9      | Found a staircase to the Orcish Mines.
  8900 | D:9      | Noticed Jeremiah
  9055 | D:9      | Found a white marble altar of Elyvilon.
  9422 | D:9      | Killed Grum
  9664 | D:9      | Killed Jeremiah
  9751 | D:9      | Noticed Maggie
  9924 | D:9      | Found an iron altar of Okawaru.
  9975 | D:9      | Killed Maggie
  9976 | D:9      | Reached XP level 11. HP: 73/92 MP: 11/11
 10625 | D:9      | Found an ornate altar of the Wu Jian Council.
 10700 | D:10     | Entered Level 10 of the Dungeon
 10711 | D:10     | Reached skill level 11 in Shapeshifting
 11185 | D:10     | Found a flagged portal.
 11203 | D:10     | Bought a scroll of identify for 30 gold pieces
 11203 | D:10     | Bought a scroll of identify for 30 gold pieces
 11203 | D:10     | Bought a scroll of noise for 15 gold pieces
 11207 | Bailey   | Entered a bailey
 11768 | Bailey   | Identified the ring of Xom's Attic {Will+ Int+2 Slay+3}
 11772 | Bailey   | Noticed an orc knight
 11777 | Bailey   | Killed an orc knight
 11874 | D:10     | Found a snail-covered altar of Cheibriados.
 12603 | D:10     | Found a staircase to the Lair.
 13121 | D:11     | Noticed a two-headed ogre
 13129 | D:11     | Killed a two-headed ogre
 13130 | D:11     | Reached skill level 12 in Shapeshifting
 13231 | D:11     | Reached XP level 12. HP: 101/101 MP: 12/12
 13377 | D:11     | Noticed Nergalle
 13537 | D:11     | Found a frozen archway.
 13631 | IceCv    | Entered an ice cave
 13677 | IceCv    | Reached skill level 13 in Shapeshifting
 13997 | IceCv    | Reached skill level 14 in Shapeshifting
 14025 | IceCv    | Noticed a death yak
 14043 | IceCv    | Killed a death yak
 14287 | IceCv    | Reached skill level 15 in Shapeshifting
 14348 | IceCv    | Got Dispater's Atlas of Power
 14372 | IceCv    | Noticed a death yak
 14372 | IceCv    | Noticed a death yak
 14395 | IceCv    | Killed a death yak
 14454 | IceCv    | Noticed a death yak
 14475 | IceCv    | Killed a death yak
 14478 | IceCv    | Killed a death yak
 14564 | IceCv    | Noticed a death yak
 14574 | IceCv    | Reached skill level 16 in Shapeshifting
 14601 | IceCv    | Killed a death yak
 14602 | IceCv    | Reached XP level 13. HP: 107/107 MP: 13/13
 15190 | D:11     | Killed Nergalle
 15525 | Lair:1   | Entered Level 1 of the Lair of Beasts
 15544 | Lair:1   | Reached skill level 17 in Shapeshifting
 16391 | Lair:1   | Noticed Harold
 16396 | Lair:1   | Reached skill level 10 in Unarmed Combat
 16403 | Lair:1   | Killed Harold
 17496 | Lair:1   | Reached skill level 1 in Evocations
 18373 | Lair:3   | Found a staircase to the Shoals.
 18931 | Lair:3   | Reached XP level 14. HP: 118/118 MP: 14/14
 19244 | Lair:3   | Found a staircase to the Snake Pit.
 20351 | Lair:4   | Reached skill level 5 in Evocations
 20805 | Lair:4   | Reached skill level 15 in Dodging
 21357 | Lair:5   | Entered Level 5 of the Lair of Beasts
 21357 | Lair:5   | Noticed a dire elephant
 22428 | Lair:4   | Killed a dire elephant
 22744 | Lair:5   | Found a staircase to the Slime Pits.
 22795 | Lair:5   | Reached skill level 1 in Shields
 23363 | Lair:5   | Identified the +1 trident of Cisukhui {drain, Str+3 Dex+2}
 23450 | Lair:5   | Reached XP level 15. HP: 127/127 MP: 15/15
 24113 | Lair:5   | Found a staircase to the Slime Pits.
 24756 | Orc:1    | Entered Level 1 of the Orcish Mines
 24839 | D:10     | Bought the ring "Hiuwey" {rC+++ Dex+6} for 1092 gold pieces
 24839 | D:10     | Bought the dragon-blood talisman of Butuluw {Str+4 Dex-3}
                  | for 1750 gold pieces
 25651 | Orc:2    | Entered Level 2 of the Orcish Mines
 25651 | Orc:2    | Found Heczis's General Store.
 25748 | Orc:2    | Noticed an orc warlord
 25753 | Orc:2    | Noticed Erolcha
 25766 | Orc:1    | Killed an orc warlord
 26083 | Orc:2    | Found Xibbiod's Antique Armour Shop.
 26105 | Orc:1    | Killed Erolcha
 26242 | Orc:2    | Reached skill level 15 in Fighting
 26371 | Orc:2    | Found a staircase to the Elven Halls.
 26635 | Orc:2    | Found Mauts's Antique Weapon Boutique.
 26873 | Orc:2    | Found Ichapn's Book Boutique.
 28238 | D:13     | Reached skill level 18 in Shapeshifting
 28344 | D:13     | Found a gate leading to a gauntlet.
 28369 | Gauntlet | Entered a Gauntlet
 28369 | Gauntlet | Found a transporter.
 28416 | Gauntlet | Found a transporter.
 28418 | Gauntlet | Found a transporter.
 28429 | Gauntlet | Found a transporter.
 28432 | Gauntlet | Found a transporter.
 28441 | Gauntlet | Found a transporter.
 28459 | Gauntlet | Found a runed translucent door.
 28463 | Gauntlet | Found a transporter.
 28473 | Gauntlet | Found a transporter.
 28485 | Gauntlet | Found a transporter.
 28504 | Gauntlet | Found a transporter.
 28518 | Gauntlet | Found a transporter.
 28519 | Gauntlet | Found a transporter.
 28570 | Gauntlet | Found a transporter.
 28587 | Gauntlet | Found a transporter.
 28699 | Gauntlet | Identified the ring of Geitek {Fire rCorr}
 28915 | Gauntlet | Identified the ring "Omussuej" {rPois rF+ rC+}
 28987 | Gauntlet | Identified the +2 pair of gloves of Hezaex {Dex+3}
 28988 | Gauntlet | Got the Elucidation of the Dose and Thunder
 29335 | D:13     | Found a portal to a secret trove of treasure.
 29665 | D:13     | Noticed Lodul
 29675 | D:13     | Killed Lodul
 30212 | D:14     | Reached XP level 16. HP: 136/136 MP: 16/16
 30594 | D:14     | Paralysed by something for 4 turns
 31006 | D:14     | Reached skill level 19 in Shapeshifting
 31176 | D:14     | Found a gate to the Vaults.
 31417 | D:15     | Entered Level 15 of the Dungeon
 31417 | D:15     | Found a transporter.
 32041 | D:15     | Noticed a tentacled starspawn
 32066 | D:15     | Found a one-way gate to the infinite horrors of the Abyss.
 32074 | D:15     | Found a transporter.
 32074 | D:15     | Noticed Foiz Zao's ghost (journeyman DrMo)
 32192 | D:15     | Found a staircase to the Depths.
 32287 | D:15     | Noticed a tengu reaver
 32315 | D:15     | Killed a tengu reaver
 32665 | Snake:1  | Entered Level 1 of the Snake Pit
 32678 | Snake:1  | Found Iduepank's Antique Armour Shoppe.
 32682 | Snake:1  | Found Aceofuit's Antique Weapon Shoppe.
 33381 | Snake:1  | Found a runed translucent door.
 33381 | Snake:1  | Noticed nitefall's ghost (adept MiBe)
 33808 | Snake:1  | Killed nitefall's ghost
 33821 | Snake:1  | Identified the ring of the Ant {Int+7 Dex+4 Slay-2 SInv
                  | Stlth+}
 34810 | Snake:2  | You are sucked into a shaft and drop 1 floor!
 34899 | Snake:2  | Reached skill level 20 in Shapeshifting
 34940 | Snake:2  | Reached XP level 17. HP: 142/142 MP: 17/17
 35165 | Snake:2  | Found Fozy's Book Shop.
 35672 | Snake:3  | Found a white marble altar of Elyvilon.
 35763 | Snake:3  | Reached skill level 15 in Unarmed Combat
 36271 | Snake:3  | Reached skill level 10 in Evocations
 37320 | Snake:4  | Entered Level 4 of the Snake Pit
 37414 | Snake:4  | Noticed Louise
 37432 | Snake:4  | Killed Louise
 37612 | Snake:4  | Noticed Donald
 37631 | Snake:4  | Killed Donald
 38150 | Snake:4  | Reached skill level 21 in Shapeshifting
 38718 | Snake:4  | Noticed Vashnia
 38726 | Snake:4  | Killed Vashnia
 38727 | Snake:4  | Reached XP level 18. HP: 149/149 MP: 18/18
 39925 | Snake:4  | Identified the serpent talisman of Refuge {Fly rN++ rCorr
                  | Slay-6}
 39925 | Snake:4  | Noticed Aizul
 39932 | Snake:4  | Killed Aizul
 40283 | Snake:4  | Got a serpentine rune of Zot
 40517 | Shoals:1 | Entered Level 1 of the Shoals
 40645 | Shoals:1 | Identified the granite talisman of Resonance {Will+ Int+3}
 40645 | Shoals:1 | Noticed Roxanne
 41539 | Shoals:1 | Reached skill level 1 in Stealth
 42498 | Shoals:1 | Identified the +5 short sword of Tideg {spect, rC++}
 43582 | Lair:3   | Bought the ring of Due Proportion {rN+ Will+} for 586 gold
                  | pieces
 43582 | Lair:3   | Bought the ring of Xaguf {+Blink rC++ rN+ EV+5 Dex+2} for
                  | 1366 gold pieces
 44626 | Shoals:2 | Found Ixaut's Assorted Antiques.
 44637 | Shoals:2 | Bought a scroll of teleportation for 93 gold pieces
 45572 | Shoals:3 | Reached XP level 19. HP: 155/155 MP: 19/19
 46979 | Shoals:4 | Entered Level 4 of the Shoals
 46995 | Shoals:4 | Reached skill level 5 in Stealth
 47060 | Shoals:4 | HP: 5/232 [merfolk javelineer/javelin (17)]
 47061 | Shoals:4 | Slain by a harpy

Illustrated notes

Levels and vault maps discovered:
D:1:      lemuel_arrival_muddy, layout_loops_corners,
          chequers_serial_rivers_marsh
D:2:      layout_loops_ring, skrybe_limestone_x, uniq_natasha, uniq_sigmund
D:3:      layout_basic, portal_sewer_entry_b, wad_floor_pattern_untrapped,
          uniq_robin
D:4:      layout_loops_ring, serial_shops, nicolae_shop_real_fake_doors,
          serial_co_window_serial, co_window_paths_a, co_window_paths_b,
          co_window_paths_b, co_window_of_opportunity_a, co_window_paths_a,
          co_window_corner_a, co_window_broadway_c, co_window_corner_ca,
          co_window_unsneaky_path_b, co_window_corner_ca, co_window_4corner_b,
          co_window_paths_e, glass_columns_c, glass_columns_a, glass_columns_b,
          glass_columns_b, dreamdust_mushroom_princess, uniq_ijyb, uniq_pikel,
          uniq_edmund
D:5:      minmay_clustersquares, layout_cave_pools, trog_butcher_becter,
          minmay_temple_entry_proselytizer, minmay_misc_feat_tiny,
          minmay_misc_feat_more_columns
D:6:      layout_loops_ring, lightli_temple_of_fire,
          gammafunk_temple_overflow_elements, solitary_fountain,
          grunt_ministairs_13
D:7:      layout_basic, mainiacjoe_overflow_small_starburst
D:8:      layout_basic, regret_index_temple_of_mockery,
          nicolae_overflow_squiral, grunt_decor_mini_mirrors
D:9:      layout_irregular_city, pdpol_wu_jian_five_deadly_venoms,
          kennysheep_okawaru_gauntlet, mainiacjoe_overflow_chevrons,
          david_orc_3, grunt_decor_fettered, uniq_maggie, uniq_jeremiah,
          uniq_grum
D:10:     layout_basic, kennysheep_slug_shrine, grunt_lair_entry_orc_guard_hut,
          enter_bailey_3, st_stairs_11
D:11:     lemuel_slime, layout_irregular_city, portal_ice_cave_demonic_guard,
          uniq_nergalle
D:12:     layout_loops_corners
D:13:     layout_loops_ring, nicolae_trove_entry_crossroad,
          gauntlet_entry_generic, uniq_lodul
D:14:     layout_loops_cross, hangedman_vaults_entry_quadrant_bands,
          hangedman_corner_corridor
D:15:     grunt_enter_depths_hoard, layout_loops_cross,
          minmay_misc_feat_nine_boxes, gammafunk_ghost_abyssal_escape,
          kennysheep_four_rooms
Temple:   chequers_temple_sunken
Lair:1:   layout_chaotic_city, uniq_harold
Lair:2:   layout_misc_corridors, grunt_megastairs_5, infiniplex_staircase_pool_2
Lair:3:   layout_roguey, elwin_shoals_entry_stream, guppyfry_snake_entry_island,
          lemuel_fruit_tree
Lair:4:   layout_long_grid, nzn_sisyphean_effort
Lair:5:   gammafunk_lair_ancient_temple, layout_regular_city,
          minmay_slime_entry_eyes, grunt_forest_large_clearing_hut
Shoals:1: nicolae_shoals_lighthouse, layout_shoals, uniq_roxanne
Shoals:2: layout_shoals, serial_shops, nicolae_shop_overgrown_old_shop
Shoals:3: layout_shoals
Shoals:4: shoals_end_hellmonk_lost_city
Snake:1:  layout_misc_corridors, gammafunk_ghost_grave, minmay_shop_star,
          grunt_megastairs_1
Snake:2:  layout_cave_town, serial_shops, shop, nicolae_elevator_lobby_asterisk
Snake:3:  layout_gridlike, basic_altar, st_stairs_12, guppyfry_snake_island,
          grunt_megastairs_3
Snake:4:  grunt_snake_rune_pools, layout_gridlike, uniq_aizul, uniq_vashnia,
          uniq_donald, uniq_louise
Orc:1:    layout_caves
Orc:2:    grunt_orc_gardens, layout_diamond_mine, grunt_orc_garden,
          grunt_orc_garden, grunt_orc_garden, grunt_orc_garden, uniq_erolcha

Skill      XL: |  1  2  3  4  5  6  7  8  9 10 11 12 13 14 15 16 17 18 19 |
---------------+----------------------------------------------------------+-----
Fighting       | 2 3 4 5 8 10 11 13 14 15 | 15.0
Unarmed Combat | 4 5 6 8 9 11 12 14 16 18 | 18.5
Shapeshifting  | 5 9 10 12 16 17 18 20 21 | 21.5
Dodging        | 5 9 10 12 14 15 17 18 | 18.7
Evocations     | 3 6 8 9 11 12 | 12.8
Shields        | 3 4 |  4.0
Stealth        | 4 5 |  5.3

Action                     |  1- 3 |  4- 6 |  7- 9 | 10-12 | 13-15 | 16-18 | 19-21 || total
---------------------------+-------+-------+-------+-------+-------+-------+-------++-------
  Melee: Unarmed           |   108 |   156 |   236 |   545 |   845 |   800 |    57 ||  2747
         Punch             |     4 |     5 |     5 |       |    19 |    89 |     8 ||   130
         Constrict         |       |       |    36 |   130 |   105 |       |       ||   271
         Tailslap          |       |       |       |       |    47 |   136 |    13 ||   196
         Bite              |       |       |       |       |    22 |   109 |     9 ||   140
 Invoke: Call Merchant     |       |       |       |     1 |     2 |     2 |       ||     5
         Potion Petition   |       |       |       |       |     2 |     1 |     1 ||     4
Ability: Breathe Fire      |       |       |       |       |     6 |     5 |     2 ||    13
  Evoke: Wand              |       |     1 |       |     4 |    10 |     2 |       ||    17
         Lightning rod     |       |       |       |       |       |     2 |     2 ||     4
         Sack of spiders   |       |       |       |       |       |       |     1 ||     1
    Use: Potion            |     1 |       |     1 |     1 |       |     2 |     4 ||     9
         Scroll            |       |     4 |       |    10 |     9 |     5 |     4 ||    32
   Stab: Sleeping          |       |       |       |     3 |       |       |     1 ||     4
         Distracted        |       |       |       |     2 |     3 |     8 |       ||    13
 Armour: Ring mail         |    54 |   101 |    38 |       |       |       |       ||   193
         Skin              |     5 |       |    95 |   309 |   519 |   579 |    81 ||  1588
  Dodge: Dodged            |    47 |    98 |   139 |   331 |   756 |   556 |    92 ||  2019
  Block: Buckler           |       |       |       |       |     3 |       |       ||     3
         Other             |       |       |       |       |       |    93 |    21 ||   114
         Reflection        |       |       |       |       |       |    21 |     6 ||    27
   Form: Serpent           |       |       |     1 |       |       |       |       ||     1
         Statue            |       |       |       |       |     1 |       |       ||     1
         Dragon            |       |       |       |       |     1 |     1 |       ||     2
                           |       |       |       |       |       |     1 |       ||     1

Table legend: (Time is in decaauts)
 A = Elapsed time spent in this place.
 B = Non-inter-level travel time spent in this place.
 C = Inter-level travel time spent in this place.
 D = Time resting spent in this place.
 E = Time spent auto-exploring this place.
 F = Levels seen in this place.
 G = Mean time per level.
                   A        B        C        D        E       F      G
               +--------+--------+--------+--------+--------+-----+--------+
         Total |  47688 |  45454 |   2234 |  10942 |  24835 |  35 | 1362.5 |
       Dungeon |  18456 |  17067 |   1389 |   3203 |  10071 |  15 | 1230.4 |
        Temple |     58 |     58 |      0 |     10 |      0 |   1 |   58.0 |
          Lair |  10347 |   9928 |    419 |   2437 |   5544 |   5 | 2069.4 |
        Shoals |   6440 |   6331 |    109 |   1680 |   3480 |   4 | 1610.0 |
     Snake Pit |   7655 |   7453 |    202 |   1855 |   4373 |   4 | 1913.8 |
  Orcish Mines |   1973 |   1860 |    113 |    605 |    904 |   2 |  986.5 |
         Sewer |    320 |    320 |      0 |    218 |     34 |   1 |  320.0 |
        Bailey |    589 |    589 |      0 |    264 |     76 |   1 |  589.0 |
      Ice Cave |   1213 |   1213 |      0 |    495 |     65 |   1 | 1213.0 |
      Gauntlet |    633 |    633 |      0 |    174 |    287 |   1 |  633.0 |
               +--------+--------+--------+--------+--------+-----+--------+

Top non-repeatable levels by time:
  Lair:4: 3447 daAuts
Shoals:1: 3212 daAuts
  Lair:5: 2679 daAuts
 Snake:4: 2428 daAuts
     D:9: 2306 daAuts
 Snake:3: 2132 daAuts
Shoals:3: 1964 daAuts
 Snake:2: 1789 daAuts
  Lair:1: 1743 daAuts
  Lair:3: 1566 daAuts
    D:10: 1483 daAuts
    D:14: 1445 daAuts
     D:4: 1399 daAuts
     D:8: 1356 daAuts
 Snake:1: 1304 daAuts
